 Dungeon Crawl Stone Soup version 0.25-a0-464-g3004169c2b (webtiles) character file.

Game seed: 4358710119211585942, levelgen mode: deterministic

16655 buerak the Destroyer (level 12, -14/140 HPs)
             Began as an Ogre Fire Elementalist on Feb 4, 2020.
             Was a Priest of Vehumet.
             Demolished by a frost giant
             ... wielding a +2 battleaxe of freezing
              (17 damage)
             ... in an ice cave.
             The game lasted 00:48:17 (16013 turns).

buerak the Destroyer (Ogre Fire Elementalist)      Turns: 16013, Time: 00:48:17

Health: -14/140    AC:  9    Str: 12    XL:     12   Next: 39%
Magic:  20/35      EV: 10    Int: 24    God:    Vehumet [***...]
Gold:   792        SH:  0    Dex: 11    Spells: 4/31 levels left

rFire    + . .     SeeInvis .   J - staff of fire
rCold    . . .     Gourm    .   (no shield)
rNeg     . . .     Faith    +   B - +3 robe of Lugonu's Whim {rF+ MR+ Str-3}
rPois    .         Spirit   .   (helmet restricted)
rElec    +         Reflect  .   F - +2 cloak {MR+}
rCorr    .         Harm     .   (gloves unavailable)
MR       ++++.                  (boots unavailable)
Stlth    +.........             M - amulet of Makhleb's Envy {Faith Int+4}
HPRegen  0.33/turn              z - ring of Birarogh {rElec rF- MR+ MP+9 Stlth-}
MPRegen  0.24/turn              f - +5 ring of slaying

@: no status effects
A: large, unfitting armour, agile 1, robust 1, tough skin 1, subdued magic 2
a: Renounce Religion


You were in an ice cave.
You worshipped Vehumet.
Vehumet was most pleased with you.
You were not hungry.

You visited 2 branches of the dungeon, and saw 13 of its levels.
You also visited: Ossuary and Ice Cave.

You collected 896 gold pieces.
You spent 104 gold pieces at shops.

Inventory:

Hand Weapons
 E - a +4 quarterstaff of chaos
Missiles
 q - 69 poisoned darts (quivered)
Armour
 g - a cursed +0 shield
 B - the +3 robe of Lugonu's Whim (worn) {rF+ MR+ Str-3}
   (You found it on level 6 of the Dungeon)

   It affects your strength (-3).
   It protects you from fire.
   It affects your resistance to hostile enchantments.
   If you remove this armour, your AC will fall 5 points (9 -> 4)
 F - a +2 cloak of magic resistance (worn)
Magical Staves
 J - an uncursed staff of fire (weapon)
Jewellery
 e - an uncursed amulet of the acrobat
 f - a +5 ring of slaying (right hand)
 l - an uncursed ring of protection from magic
 z - the ring of Birarogh (left hand) {rElec rF- MR+ MP+9 Stlth-}
   (You found it on level 10 of the Dungeon)

   [ring of attention]

   It makes you vulnerable to fire.
   It insulates you from electricity.
   It affects your resistance to hostile enchantments.
   It affects your magic capacity (+9).
   It makes you less stealthy.
 K - an uncursed ring of protection from magic
 M - the amulet of Makhleb's Envy (around neck) {Faith Int+4}
   (You found it in an ice cave)

   [amulet of faith]

   It allows you to gain divine favour quickly.
   It affects your intelligence (+4).
Wands
 r - a wand of iceblast (19)
 y - a wand of polymorph (15)
 D - a wand of acid (8)
 H - a wand of flame (20)
 I - a wand of paralysis (11)
Scrolls
 a - a scroll of amnesia
 b - 2 scrolls of magic mapping
 j - 7 scrolls of remove curse
 t - a scroll of fog
 u - 3 scrolls of enchant armour
 v - 3 scrolls of teleportation
 w - 2 scrolls of blinking
 A - 5 scrolls of fear
 C - 3 scrolls of identify
 G - a scroll of holy word
Potions
 d - a potion of might
 h - 2 potions of curing
 i - a potion of haste
 k - a potion of invisibility
 m - 5 potions of brilliance
 n - 2 potions of mutation
 o - 2 potions of ambrosia
 p - 4 potions of flight
 x - 3 potions of cancellation
Comestibles
 c - 14 rations


   Skills:
 + Level 10.7 Fighting
 - Level 1.5 Staves
 - Level 1.7 Dodging
 - Level 1.4 Stealth
 - Level 10.1 Spellcasting
 - Level 11.2 Conjurations
 - Level 1.2 Charms
 - Level 8.4 Fire Magic
 - Level 1.2 Air Magic
 - Level 3.0 Earth Magic


You had 4 spell levels left.
You knew the following spells:

 Your Spells              Type           Power        Failure   Level  Hunger
a - Foxfire               Conj/Fire      ####         0%          1    None
b - Conjure Flame         Conj/Fire      ######..     1%          3    None
c - Sticky Flame          Conj/Fire      ######..     1%          4    #......
d - Fireball              Conj/Fire      ######....   1%          5    ####...
e - Swiftness             Chrm/Air       ##......     2%          2    None
f - Starburst             Conj/Fire      ######....   2%          6    ######.
g - Iron Shot             Conj/Erth      ####......   9%          6    ######.

Your spell library contained the following spells:

 Spells                   Type           Power        Failure   Level  Hunger
 Ignite Poison            Fire/Tmut/Pois ###.....     1%          3    None
 Magic Dart               Conj           ####         0%          1    None
 Shock                    Conj/Air       ####         1%          1    None
 Inner Flame              Hex/Fire       ####....     1%          3    None
 Static Discharge         Conj/Air       ####....     1%          3    None
 Stone Arrow              Conj/Erth      ####..       1%          3    None
 Airstrike                Air            ##........   6%          4    #......
 Ozocubu's Armour         Chrm/Ice       #.......     8%          3    None
 Lightning Bolt           Conj/Air       ####......   1%          5    ####...
 Irradiate                Conj/Tmut      ###.......   2%          5    ####...
 Freezing Cloud           Conj/Ice/Air   ###.......   28%         6    ######.


Dungeon Overview and Level Annotations

Branches:
Dungeon (14/15)            Temple (1/1) D:7            Lair (0/6) D:9
    Orc (0/2) D:11        Ossuary (visited)           IceCv (1/1)
 Vaults: D:13-14

Altars:
Hepliaklqana
Kikubaaqudgha
Makhleb
Nemelex Xobeh
Ru
Sif Muna
Trog
Uskayaw
Vehumet
Wu Jian
Xom
Yredelemnul
Zin
The Shining One

Shops:
D:9 ?*=


Innate Abilities, Weirdness & Mutations

You are too large for most types of armour.
You have tough skin. (AC +1)
You are agile. (Dex +2)
You are robust. (+10% HP)
Your spells are easier to cast, but less powerful.


Message History

Okay, then.
Press: ? - help, v - describe, . - travel
Here: a frost giant, wielding a +2 battleaxe of freezing (severely wounded, covered in liquid flames)
The floor, spattered with blood.
Evoke which item? (* to show all) (? for menu, Esc to quit)
Aiming: Paralyse
Press: ? - help, Shift-Dir - straight line, f/p - frost giant
Aim: a frost giant, wielding a +2 battleaxe of freezing (severely wounded, covered in liquid flames, chance to defeat MR: 6%)
Okay, then.
Unknown command.
Evoke which item? (* to show all) (? for menu, Esc to quit)
Aiming: Corrosive Bolt
Press: ? - help, Shift-Dir - straight line, f/p - frost giant
Aim: a frost giant, wielding a +2 battleaxe of freezing (severely wounded, covered in liquid flames)
The bolt of acid hits the frost giant.
The frost giant is splashed with acid!
The acid corrodes the frost giant!
The frost giant is almost dead.
The frost giant burns!
The frost giant hits you with a +2 battleaxe of freezing!
You die...

#.###.#
≈≈≈≈
##.#÷##
≈≈#
#..÷.#
#.#.##
##.###
#.##
#.##
#..#
##@#
##C#
#.##
#.# #..
##hh


Yhh #..h h.C. You could see a frost giant (burning).

Vanquished Creatures
  4 death yaks
  An unseen horror (D:10)
  3 cyclopes
  An ice statue (IceCv)
  A kobold demonologist (D:10)
  10 polar bears (IceCv)
  4 hippogriffs
  Prince Ribbit (D:8)
  18 yaks
  2 wargs (D:11)
  A water moccasin (D:10)
  4 orc warriors
  4 sky beasts
  An ice beast (D:8)
  An eye of draining (D:9)
  6 ogres
  13 wolves (IceCv)
  2 phantoms
  2 centaurs
  2 crocodiles (D:8)
  2 big kobolds (D:10)
  3 elf zombies (Ossuary)
  4 bullfrogs
  A wyvern skeleton (D:9)
  A water moccasin skeleton (D:10)
  2 scorpions
  3 wights (D:9)
  4 howler monkeys
  7 crimson imps
  2 bullfrog zombies
  A quasit (D:8)
  2 jellies
  2 centaur zombies
  13 orc wizards
  A bullfrog skeleton (D:7)
  2 human zombies (Ossuary)
  6 orc priests
  8 hounds
  Crazy Yiuf (D:7)
  A centaur skeleton (D:7)
  An iguana (D:10)
  Ijyb (D:5)
  Natasha (thrice) (D:3)
  6 worker ants
  2 big kobold zombies (Ossuary)
  A hound skeleton (D:6)
  A howler monkey zombie (D:7)
  4 mummies
  3 gnolls (D:6)
  2 howler monkey skeletons
  12 adders
  A shadow imp (D:10)
  4 adder zombies (Ossuary)
  A worm (D:2)
  2 dart slugs
  7 leopard geckos
  35 orcs
  4 giant cockroaches
  10 hobgoblins
  9 jackals
  3 quokkas
  3 ball pythons
  5 bats
  2 frilled lizards (D:1)
  6 goblins
  3 goblin zombies (Ossuary)
  3 hobgoblin zombies (Ossuary)
  4 jackal zombies (Ossuary)
  19 kobolds
  2 kobold zombies (Ossuary)
  A leopard gecko zombie (D:8)
  2 orc zombies (Ossuary)
  4 quokka zombies (Ossuary)
  8 rats
  5 rat zombies (Ossuary)
326 creatures vanquished.

Vanquished Creatures (others)
  3 polar bears (IceCv)
  4 wolves (IceCv)
  291 foxfires
298 creatures vanquished.

Grand Total: 624 creatures vanquished

Notes
Turn   | Place    | Note
-------+----------+-------------------------------------------
     0 | D:1      | buerak the Ogre Fire Elementalist began the quest for the
                  | Orb.
     0 | D:1      | Reached XP level 1. HP: 16/16 MP: 3/3
   191 | D:1      | Reached XP level 2. HP: 24/24 MP: 5/5
   675 | D:1      | Reached XP level 3. HP: 31/31 MP: 7/7
   850 | D:1      | Learned a level 3 spell: Conjure Flame
   908 | D:2      | Reached skill level 1 in Conjurations
   947 | D:2      | Found a hide-covered altar of Uskayaw.
  1318 | D:2      | Reached skill level 2 in Conjurations
  1481 | D:2      | Reached XP level 4. HP: 39/39 MP: 8/8
  1526 | D:2      | Found a shimmering blue altar of Sif Muna.
  1787 | D:2      | Learned a level 4 spell: Sticky Flame
  2256 | D:3      | Reached XP level 5. HP: 45/45 MP: 4/9
  2714 | D:3      | Noticed Natasha
  2726 | D:3      | Killed Natasha
  2863 | D:3      | Noticed Natasha
  2869 | D:3      | Killed Natasha
  2869 | D:3      | Reached skill level 5 in Fire Magic
  2869 | D:3      | Reached XP level 6. HP: 43/53 MP: 6/10
  2998 | D:3      | Noticed Natasha
  3003 | D:3      | Killed Natasha
  3176 | D:4      | Reached skill level 3 in Conjurations
  3523 | D:4      | Reached XP level 7. HP: 59/59 MP: 6/13
  4307 | D:5      | Entered Level 5 of the Dungeon
  4358 | D:5      | Noticed Ijyb
  4373 | D:5      | Reached skill level 4 in Conjurations
  4381 | D:5      | Killed Ijyb
  4434 | D:5      | Found an ancient bone altar of Kikubaaqudgha.
  4627 | D:5      | Reached XP level 8. HP: 43/67 MP: 3/15
  4671 | D:5      | Reached skill level 1 in Fighting
  5722 | D:6      | Reached skill level 5 in Fighting
  5977 | D:6      | Learned a level 5 spell: Fireball
  6226 | D:6      | Got an ominously black robe
  6237 | D:6      | Identified the +3 robe of Lugonu's Whim {rF+ MR+ Str-3}
                  | (You found it on level 6 of the Dungeon)
  6580 | D:7      | Noticed a hippogriff
  6593 | D:7      | Killed a hippogriff
  6593 | D:7      | Reached XP level 9. HP: 48/89 MP: 8/16
  6603 | D:7      | Found a sand-covered staircase.
  6657 | Ossuary  | Entered an ossuary
  6781 | Ossuary  | Reached skill level 5 in Spellcasting
  7620 | D:7      | Found a runed translucent door.
  7621 | D:7      | Noticed Crazy Yiuf
  7728 | D:7      | Reached skill level 5 in Conjurations
  7771 | D:7      | Found a staircase to the Ecumenical Temple.
  7789 | Temple   | Entered the Ecumenical Temple
  7797 | Temple   | Became a worshipper of Vehumet
  7994 | D:7      | Killed Crazy Yiuf
  8099 | D:7      | Gained mutation: You are robust. (+10% HP) [potion of
                  | mutation]
  8099 | D:7      | Gained mutation: Your spells are a little easier to cast,
                  | but a little less powerful. [potion of mutation]
  8099 | D:7      | Gained mutation: Your spells are easier to cast, but less
                  | powerful. [potion of mutation]
  8099 | D:7      | Gained mutation: You are agile. (Dex +2) [potion of
                  | mutation]
  8139 | D:8      | Noticed Prince Ribbit
  8146 | D:8      | Killed Prince Ribbit
  8146 | D:8      | Reached skill level 6 in Conjurations
  8166 | D:8      | Reached skill level 7 in Conjurations
  8170 | D:8      | Reached XP level 10. HP: 91/107 MP: 4/20
  8173 | D:8      | Found a shimmering altar of Xom.
  8192 | D:8      | Found a shimmering altar of Xom.
  8227 | D:8      | Found a shimmering altar of Xom.
  8227 | D:8      | Found a shimmering altar of Xom.
  8227 | D:8      | Found a shimmering altar of Xom.
  8231 | D:8      | Found a shimmering altar of Xom.
  8231 | D:8      | Found a shimmering altar of Xom.
  8332 | D:8      | Reached skill level 8 in Conjurations
  8361 | D:8      | Learned a level 2 spell: Swiftness
  8831 | D:9      | Noticed a death yak
  8831 | D:9      | Noticed a death yak
  8832 | D:9      | Reached skill level 1 in Charms
  8832 | D:9      | Reached skill level 1 in Air Magic
  8843 | D:8      | Reached skill level 1 in Staves
  9027 | D:9      | Found a staircase to the Lair.
  9027 | D:9      | Noticed a death yak
  9578 | D:8      | Killed a death yak
  9856 | D:9      | Found Oqeamn's Jewellery Boutique.
  9857 | D:9      | Identified a scroll of acquirement
  9857 | D:9      | Identified the Catalogue of Harmful Ice (You acquired it on
                  | level 9 of the Dungeon)
 10153 | D:9      | Killed a death yak
 10153 | D:9      | Reached skill level 10 in Spellcasting
 10212 | D:9      | Killed a death yak
 10212 | D:9      | Reached XP level 11. HP: 37/122 MP: 0/25
 10512 | D:9      | Found Vumyraczuh's Magic Scroll Shop.
 10518 | D:9      | Bought a scroll of magic mapping for 52 gold pieces
 10518 | D:9      | Bought a scroll of magic mapping for 52 gold pieces
 10527 | D:9      | Found Tyapiroc's General Store.
 11084 | D:9      | Found a burning altar of Makhleb.
 11266 | D:10     | Entered Level 10 of the Dungeon
 11266 | D:10     | Noticed a cyclops
 11271 | D:10     | Killed a cyclops
 11384 | D:10     | Reached * piety under Vehumet
 11384 | D:10     | Offered knowledge of Sandblast by Vehumet.
 11395 | D:10     | Noticed an unseen horror
 11399 | D:10     | Killed an unseen horror
 11399 | D:10     | Reached skill level 10 in Fighting
 11428 | D:10     | Got a sparkling bone ring
 11455 | D:10     | Identified the ring of Birarogh {rElec rF- MR+ MP+9 Stlth-}
                  | (You found it on level 10 of the Dungeon)
 11486 | D:10     | Noticed a cyclops
 11549 | D:10     | Killed a cyclops
 11720 | D:10     | Offered knowledge of Freeze by Vehumet.
 11724 | D:10     | Reached ** piety under Vehumet
 12062 | D:10     | Reached skill level 9 in Conjurations
 12305 | D:10     | Learned a level 6 spell: Starburst
 12664 | D:11     | Found a staircase to the Orcish Mines.
 12704 | D:11     | You fall into a shaft and drop 3 floors!
 12705 | D:14     | Noticed a cyclops
 12706 | D:14     | Found a frozen archway.
 12712 | D:14     | Killed a cyclops
 12915 | IceCv    | Entered an ice cave
 13020 | IceCv    | Learned a level 6 spell: Iron Shot
 13045 | IceCv    | Reached skill level 1 in Earth Magic
 13074 | IceCv    | Offered knowledge of Ignite Poison by Vehumet.
 14198 | IceCv    | Got a slimy jade amulet
 14252 | IceCv    | Identified the amulet of Makhleb's Envy {Faith Int+4} (You
                  | found it in an ice cave)
 14270 | IceCv    | Reached skill level 10 in Conjurations
 14377 | IceCv    | Noticed a death yak
 14392 | IceCv    | Killed a death yak
 14392 | IceCv    | Reached XP level 12. HP: 97/139 MP: 9/26
 14709 | IceCv    | Reached *** piety under Vehumet
 14721 | IceCv    | Reached skill level 11 in Conjurations
 15381 | IceCv    | Noticed a frost giant
 16012 | IceCv    | HP: 3/140 [frost giant/bolt of cold (52)]
 16013 | IceCv    | Demolished by a frost giant

Levels and vault maps discovered:
D:1:      beargit_arrival_greenhouse, layout_loops_ring,
          chequers_serial_rivers_small_3, minmay_small_reverse_x
D:2:      minmay_general_purpose_star, layout_basic, led_sif_pool,
          eat_drink_and_be_merry_uskayaw, first_ration
D:3:      layout_basic, uniq_natasha
D:4:      layout_gridville, hex_tiny, lightli_corner_chamber
D:5:      minmay_chambers_of_threes, layout_loops_cross,
          kiku_gazebo_garden_becter, dk_noncrumbling_2, nrook_mini_vaults,
          uniq_ijyb
D:6:      layout_rooms
D:7:      layout_basic, minmay_temple_entry_large_hall,
          gup_ossuary_entry_pyramid, uniq_crazy_yiuf_cottage
D:8:      layout_loops_ring, nicolae_xom_altar_mimics, uniq_prince_ribbit1
D:9:      layout_small_grid, dpeg_lair_monsters, serial_shops, shop,
          kennysheep_mini_moat, shop, basic_altar
D:10:     layout_basic
D:11:     layout_cave_pods, david_orc_1_choice, ebering_ghost_reflecting_pool
D:14:     layout_long_grid, david_vaults_3, portal_ice_cave_entry_pillars_2
Temple:   eino_narrow_crystal_temple
IceCv:    ice_cave_caverns_03

Skill      XL: |  1  2  3  4  5  6  7  8  9 10 11 12 |
---------------+-------------------------------------+-----
Fire Magic     | 3 5 6 7 8 |  8.4
Spellcasting   | 3 4 7 10 | 10.1
Conjurations   | 2 3 4 7 8 10 11 | 11.2
Fighting       | 6 7 10 | 10.7
Charms         | 1 |  1.2
Air Magic      | 1 |  1.2
Staves         | 1 |  1.5
Earth Magic    | 3 |  3.0
Dodging        | |  1.7
Stealth        | |  1.4

Action                   |  1- 3 |  4- 6 |  7- 9 | 10-12 || total
-------------------------+-------+-------+-------+-------++-------
Melee: Unarmed           |    13 |       |       |       ||    13
       Short sword       |    65 |    53 |   320 |       ||   438
       Quarterstaff      |       |       |    12 |   145 ||   157
       Staff             |       |       |       |   122 ||   122
 Cast: Foxfire           |    30 |    54 |    88 |    30 ||   202
       Sticky Flame      |       |     2 |    27 |    84 ||   113
       Fireball          |       |       |     3 |    38 ||    41
       Swiftness         |       |       |       |     1 ||     1
       Starburst         |       |       |       |     5 ||     5
       Conjure Flame     |       |       |       |     1 ||     1
       Iron Shot         |       |       |       |     4 ||     4
Evoke: Wand              |       |       |       |     2 ||     2
  Use: Scroll            |     2 |     7 |     3 |     7 ||    19
       Potion            |       |       |    12 |     2 ||    14
 Stab: Sleeping          |       |       |     2 |     1 ||     3
       Paralysed         |       |       |       |     3 ||     3
  Eat: Chunk             |     1 |     8 |    15 |    25 ||    49
       Ration            |       |       |     1 |     5 ||     6
Armor: Robe              |    14 |    15 |   148 |   130 ||   307
Dodge: Dodged            |    43 |    28 |   189 |   193 ||   453

Table legend:
 A = Non-vault XP
 B = Vault XP
 C = Vault XP percentage of total XP
 D = Non-vault monster count
 E = Vault monster count
 F = Vault count percentage of total count
                 A         B        C        D         E       F
            +---------+---------+-------+---------+---------+-------
      Total |    9882 |   13911 |  58.5 |     212 |     115 |  35.2
            +---------+---------+-------+---------+---------+-------
        D:1 |      30 |       6 |  16.7 |      18 |       4 |  18.2
        D:2 |      54 |      15 |  21.7 |      21 |       3 |  12.5
        D:3 |     228 |      35 |  13.3 |      17 |       1 |   5.6
        D:4 |     373 |       0 |   0.0 |      18 |       0 |   0.0
        D:5 |     381 |     354 |  48.2 |       6 |      10 |  62.5
        D:6 |     554 |       0 |   0.0 |      19 |       0 |   0.0
        D:7 |    1105 |      55 |   4.7 |      19 |       2 |   9.5
        D:8 |    1284 |    1900 |  59.7 |      19 |       6 |  24.0
        D:9 |    1010 |    1949 |  65.9 |      14 |       3 |  17.6
       D:10 |    4261 |       0 |   0.0 |      58 |       0 |   0.0
       D:11 |      68 |     522 |  88.5 |       2 |       9 |  81.8
       D:14 |     534 |       0 |   0.0 |       1 |       0 |   0.0
    Ossuary |       0 |     566 | 100.0 |       0 |      38 | 100.0
      IceCv |       0 |    8509 | 100.0 |       0 |      39 | 100.0
            +---------+---------+-------+---------+---------+-------
